 Dungeon Crawl Stone Soup version 0.21-a0-404-g291f19a (webtiles) character file.

46 Jorbantar the Skirmisher (level 3, -5/37 HPs)
             Began as an Ogre Skald on Oct 27, 2017.
             Was an Initiate of Okawaru.
             Slain by an orc
             ... wielding a +0 trident
              (9 damage)
             ... on level 2 of the Dungeon.
             The game lasted 00:05:03 (2143 turns).

Jorbantar the Skirmisher (Ogre Skald)               Turns: 2143, Time: 00:05:04

Health: -5/37      AC:  3    Str: 15    XL:     3   Next: 66%
Magic:  6/6        EV: 10    Int: 15    God:    Okawaru [......]
Gold:   112        SH:  0    Dex:  8    Spells: 5/6 levels left

rFire    . . .     SeeInvis .   a - +1 mace
rCold    . . .     Gourm    .   (no shield)
rNeg     . . .     Faith    +   b - +0 robe
rPois    .         Spirit   .   (helmet restricted)
rElec    .         Reflect  .   (no cloak)
rCorr    .         Harm     .   (gloves unavailable)
MR       .....                  (boots unavailable)
Stlth    +.........             r - amulet of faith
HPRegen  0.12/turn              (no ring)
MPRegen  0.10/turn              (no ring)

@: lethally poisoned (-5 -> -11)
A: unfitting armour, tough skin 1
a: Renounce Religion


You were on level 2 of the Dungeon.
You worshipped Okawaru.
Okawaru was noncommittal.
You were very hungry.

You visited 1 branch of the dungeon, and saw 3 of its levels.

You collected 112 gold pieces.

Inventory:

Hand Weapons
 a - a +1 mace (weapon)
 n - a +0 whip
Armour
 b - a +0 robe (worn)
Jewellery
 f - an uncursed amulet of the gourmand
 r - an amulet of faith (around neck)
Scrolls
 e - a scroll of teleportation
 h - a scroll of identify
 k - a scroll of blinking
 l - a scroll of remove curse
Potions
 p - a potion of mutation {unknown}
 q - a potion of heal wounds
Books
 c - a book of Battle

   Spells                             Type                      Level
   a - Infusion                       Charms                       1
   b - Shroud of Golubria             Charms/Translocation         2
   c - Song of Slaying                Charms                       2
   d - Spectral Weapon                Hexes/Charms                 3
   e - Regeneration                   Charms/Necromancy            3
Comestibles
 d - 4 bread rations
 g - a meat ration
 j - 2 royal jellies


   Skills:
 * Level 3.4 Fighting
 * Level 2.7 Maces & Flails
 + Level 2.7 Dodging
 - Level 2.4 Spellcasting
 - Level 2.6 Charms


You had 5 spell levels left.
You knew the following spells:

 Your Spells              Type           Power        Failure   Level  Hunger
a - Infusion              Chrm           #...         7%          1    #......


Dungeon Overview and Level Annotations

Branches:
Dungeon (3/15)

Altars:
Dithmenos
Okawaru


Innate Abilities, Weirdness & Mutations

You are too large for most types of armour.
You have tough skin. (AC +1)


Message History

The adder poisons you! The orc hits you with a trident.
The adder bites you but does no damage.
You hit the orc.
The orc is lightly wounded.
You feel sick. The adder barely misses you. The orc hits you with a trident.
The adder closely misses you.
You closely miss the adder.
The adder is severely wounded.
You feel sick. The orc hits you with a trident.
* * * LOW HITPOINT WARNING * * *
The adder bites you but does no damage.
You completely miss the adder.
The adder is severely wounded.
The adder barely misses you. The orc hits you with a trident.
* * * LOW HITPOINT WARNING * * *
The adder bites you.
* * * LOW HITPOINT WARNING * * *
You are lethally poisoned!
The adder poisons you! The orc hits you with a trident!
You die...

##########.####.#.######.######
#...(...........#.............#
#.########.#############.......
#.# #.........................
#.# #.###.##############.###..
#.####.# #.##########..#.......
#......###.............#..###..
#.........##..o######.##..#....
#.........##..@# #......#.#..
#.........##..S# #####.##.#..
#.........##...##### #.##....
#.........'........# #.##...#
#.........##...###.# #.#...##
##########'###...# #.# #.......
#.......##.# #...# #.# #...#.))
#..####.##.# #...#
#.#####..##.._ #...# #.##.#
##### #.........#.).


You could see an adder and an orc.

Vanquished Creatures
  A worm (D:2)
  3 giant cockroaches
  9 goblins
  5 hobgoblins
  4 jackals (D:1)
  5 kobolds
  3 ball pythons
  4 bats
  5 frilled lizards
  2 rats (D:1)
  A toadstool (D:1)
42 creatures vanquished.

Vanquished Creatures (others)
  3 toadstools (D:1)
3 creatures vanquished.

Grand Total: 45 creatures vanquished

Notes
Turn   | Place    | Note
-------+----------+-------------------------------------------
     0 | D:1      | Jorbantar the Ogre Skald began the quest for the Orb.
     0 | D:1      | Reached XP level 1. HP: 22/22 MP: 3/3
   125 | D:1      | Reached skill level 3 in Fighting
   133 | D:1      | Reached XP level 2. HP: 28/31 MP: 5/5
   794 | D:1      | Reached XP level 3. HP: 28/37 MP: 0/6
  1112 | D:2      | Found a shadowy altar of Dithmenos.
  1555 | D:2      | Found an iron altar of Okawaru.
  1563 | D:2      | Became a worshipper of Warmaster Okawaru
  2143 | D:2      | Slain by an orc

Vault maps used:
D:1:      ldierk_water_garden
D:2:      okawaru_ov_weapons_minmay, grunt_dithmenos_smoke_and_mirrors
D:3:      lemuel_coloured_pillars_altar, grunt_ministairs_2, minmay_vboxes

Skill      XL: |  1 |
---------------+----+-----
Fighting       | 3 |  3.4
Maces & Flails | 2 |  2.7
Dodging        | |  2.7
Spellcasting   | |  2.4
Charms         | |  2.6

Action                   || total
-------------------------++-------
Melee: Mace              ||   138
 Cast: Infusion          ||     1
  Use: Scroll            ||     7
  Eat: Chunk             ||     3
Armor: Robe              ||    35
Dodge: Dodged            ||    86

Table legend:
 A = Spawn XP
 B = Non-spawn XP
 C = Spawn XP percentage of total XP
 D = Spawn monster count
 E = Non-spawn monster count
 F = Spawn count percentage of total count
 G = Total turns spent on level
                    A         B        C        D         E        F      G
               +---------+---------+-------+---------+---------+-------+---------
         Total |       0 |      66 |   0.0 |       0 |      41 |   0.0 |  2143
               +---------+---------+-------+---------+---------+-------+---------
           D:1 |       0 |      44 |   0.0 |       0 |      28 |   0.0 |  1112
           D:2 |       0 |      22 |   0.0 |       0 |      13 |   0.0 |  1029
               +---------+---------+-------+---------+---------+-------+---------
